 Dungeon Crawl Stone Soup version 0.29-a0-380-gf50f0a9fbc (webtiles) character file.

Game seed: 5764202311221671249

52 thiscave3701365 the Chopper (level 3, -2/49 HPs)
             Began as a Minotaur Berserker on May 5, 2022.
             Was a Believer of Trog.
             Slain by Ijyb
             ... wielding a +0 dagger
              (5 damage)
             ... on level 3 of the Dungeon.
             The game lasted 00:01:22 (1391 turns).

thiscave3701365 the Chopper (Minotaur Berserker)    Turns: 1391, Time: 00:01:23

Health: -2/49      AC:  2    Str: 23    XL:     3   Next: 60%
Magic:  2/2        EV: 12    Int:  4    God:    Trog [**....]
Gold:   96         SH:  0    Dex:  9    Spells: 2/2 levels left

rFire   . . .      SeeInvis .   a - +0 hand axe
rCold   . . .      Faith    .   (no shield)
rNeg    . . .      Spirit   .   b - +0 animal skin
rPois   .          Reflect  .   (helmet restricted)
rElec   .          Harm     .   (no cloak)
rCorr   .          Rampage  .   (no gloves)
Will    .....                   (no boots)
Stlth   ..........              (no amulet)
HPRegen 0.16/turn               (no ring)
MPRegen 0.08/turn               (no ring)

@: berserking, very quick
A: horns 2, retaliatory headbutt
a: Renounce Religion, Berserk, Trog's Hand


You were on level 3 of the Dungeon.
You worshipped Trog.
Trog was pleased with you.
You visited 1 branch of the dungeon, and saw 3 of its levels.

You collected 96 gold pieces.

Inventory:

Hand Weapons
 a - a +0 hand axe (weapon)
Armour
 b - a +0 animal skin (worn)
Jewellery
 g - a ring of poison resistance
Scrolls
 c - a scroll of enchant weapon {unknown}
 e - a scroll of magic mapping {unknown}
 j - a scroll of fear {unknown}
 l - a scroll of blinking {unknown}
 n - a scroll of identify {unknown}
 o - a scroll of teleportation {unknown}
 p - a scroll of brand weapon {unknown}
Potions
 d - a potion of mutation {unknown}
 f - a potion of brilliance {unknown}
 h - a potion of invisibility {unknown}
 i - a potion of attraction {unknown}
 k - a potion of degeneration {unknown}
 m - a potion of curing {unknown}


   Skills:
 + Level 4.3 Fighting
 + Level 4.5 Axes
 + Level 2.8 Armour
 + Level 2.5 Dodging
 + Level 0.4 Stealth


You had 2 spell levels left.
You didn't know any spells.
Your spell library was empty.

Dungeon Overview and Level Annotations

Branches:
Dungeon (3/15)

Altars:

Annotations:
D:3 Ijyb


Innate Abilities, Weirdness & Mutations

You have a pair of horns on your head.
You reflexively headbutt those who attack you in melee.


Message History

The giant cockroach is almost dead.
The giant cockroach barely misses you. You furiously retaliate!
You headbutt the giant cockroach!
You kill the giant cockroach!
Trog accepts your kill.
p - a scroll labelled MAVOARROISM Unknown command.
No target in view!
You see here a giant cockroach corpse.
Found a dagger.
No target in view!
Ijyb and an endoplasm come into view.
Ijyb is wielding a +0 dagger and carrying a wand of iceblast (7).
Found 9 gold pieces.
Unknown command.
There are monsters nearby!
Ijyb zaps a wand.
The mass of ice explodes!
The iceblast engulfs you!
The endoplasm quivers.
Unknown command.
The endoplasm hits you.
You hit the endoplasm.
You kill the endoplasm!
Trog accepts your kill. Ijyb screams, "Me stronger than you!"
Ijyb zaps a wand.
The mass of ice explodes!
The iceblast engulfs you!
* * * LOW HITPOINT WARNING * * *
Ijyb is nearby!
Ijyb is nearby!
Unknown command.
You are too injured to fight recklessly!
Ijyb is nearby!
Unknown command.
You are too injured to fight recklessly!
A red film seems to cover your vision as you go berserk!
You feel yourself moving faster!
You feel mighty!
Ijyb zaps a wand.
The mass of ice explodes!
The iceblast engulfs you!
* * * LOW HITPOINT WARNING * * *
You feel a strong urge to attack something.
Ijyb hits you with a +0 dagger.
You die...

## ##.♣ #
#..♣ .# #..♣
.# #..♣♣ ♣.#
#####...♣ ..#
...†....♣ ♣♣♣
♣♣..
######.♣♣
♣..♣♣..# #.♣
♣..g.# #.♣♣♣♣
♣♣.@#
#....♣♣♣♣.♣.#
####..♣.♣..##
###.#..##
###.## #.#.
#.# #) #.# #.
.$. #.


You could see Ijyb.

Vanquished Creatures
  An adder (D:2)
  A worm (D:2)
  A dart slug (D:2)
  5 endoplasms
  2 giant cockroaches
  5 goblins
  4 hobgoblins
  A quokka (D:1)
  2 ball pythons
  3 bats
  2 frilled lizards (D:1)
  7 kobolds
  2 rats (D:1)
36 creatures vanquished.

Notes
Turn   | Place    | Note
-------+----------+-------------------------------------------
     0 | D:1      | thiscave3701365 the Minotaur Berserker began the quest for
                  | the Orb.
     0 | D:1      | Reached XP level 1. HP: 19/19 MP: 0/0
   191 | D:1      | Reached XP level 2. HP: 23/27 MP: 1/1
   557 | D:1      | You fall into a shaft and drop 1 floor!
   560 | D:2      | Reached ** piety under Trog
   631 | D:2      | Reached XP level 3. HP: 33/33 MP: 2/2
  1385 | D:3      | Noticed Ijyb
  1391 | D:3      | Slain by Ijyb

Illustrated notes

Levels and vault maps discovered:
D:1:      dpeg_arrival_rooms_with_view, layout_basic
D:2:      layout_basic, minmay_misc_feat_tiny, corexii_leaking_fountain,
          minmay_misc_feat_pillars
D:3:      layout_loops_ring, chequers_ecumenical_altar_grove,
          gammafunk_ghost_cemetery, serial_shops, nicolae_shop_statue_plus,
          uniq_ijyb

Skill      XL: |  1  2 |
---------------+-------+-----
Axes           | 4 |  4.5
Fighting       | 4 |  4.3
Armour         | |  2.8
Dodging        | |  2.5
Stealth        | |  0.4

Action                   || total
-------------------------++-------
Melee: Hand axe          ||    81
       Headbutt          ||     8
       Punch             ||     1
Invok: Berserk           ||     2
 Stab: Sleeping          ||     2
Armor: Animal skin       ||    18
Dodge: Dodged            ||    64

Table legend: (Time is in decaauts)
 A = Elapsed time spent in this place.
 B = Non-inter-level travel time spent in this place.
 C = Inter-level travel time spent in this place.
 D = Time resting spent in this place.
 E = Time spent auto-exploring this place.
 F = Levels seen in this place.
 G = Mean time per level.
                   A        B        C        D        E       F      G
               +--------+--------+--------+--------+--------+-----+--------+
         Total |   1409 |   1390 |     19 |     95 |   1071 |   3 |  469.7 |
       Dungeon |   1409 |   1390 |     19 |     95 |   1071 |   3 |  469.7 |
               +--------+--------+--------+--------+--------+-----+--------+

Top non-repeatable levels by time:
     D:2: 799 daAuts
     D:1: 561 daAuts
     D:3: 49 daAuts
